 Dungeon Sprint DCSS version 0.30-a0-802-gb92711bcdf (webtiles) character file.

Game seed: 7809620117444278518

976 retardedninja the Protected (level 7, -7/74 HPs)
             Began as a Minotaur Fighter on Feb 24, 2023.
             Was an Initiate of Gozag.
             Mangled by a deep troll (16 damage)
             ... in the Dungeon (Sprint I: "Red Sonja").
             The game lasted 00:01:04 (932 turns).

retardedninja the Protected (Minotaur Fighter)       Turns: 932, Time: 00:01:05

Health: -7/74      AC:  9    Str: 23    XL:     7   Next: 95%
Magic:  6/6        EV: 10    Int:  5    God:    Gozag
Gold:   464        SH:  6    Dex:  9    Spells: 6/6 levels left

rFire   . . .      SeeInvis .    a - +0 war axe
rCold   . . .      Faith    .    c - +0 buckler
rNeg    . . .      Spirit   .    b - +0 scale mail
rPois   .          Reflect  .    (helmet restricted)
rElec   .          Harm     .    (no cloak)
rCorr   .          Rampage  .    (no gloves)
Will    .....      NoTele   +    (no boots) Stlth
                                 (no amulet)
HPRegen 0.32/turn                (no ring)
MPRegen 0.10/turn                (no ring)

@: no status effects
A: horns 2, retaliatory headbutt
a: Renounce Religion, Potion Petition, Call Merchant, Bribe Branch


You were in the Dungeon.
You worshipped Gozag.
Gozag was aware of your devotion.
You visited 1 branch You collected 464 gold pieces.

Inventory:

Hand Weapons
 a - a +0 war axe (weapon)
Armour
 b - a +0 scale mail (worn)
 c - a +0 buckler (worn)
Wands
 d - a wand of iceblast (7)
Scrolls
 j - a scroll of blinking
Potions
 e - a potion of curing
 f - a potion of heal wounds
 g - a potion of haste
 h - 2 potions of magic
 k - a potion of brilliance {unknown}


   Skills:
 + Level 11.6 Fighting
 + Level 8.5 Axes
 + Level 12.2 Armour
 + Level 2.1 Dodging
 + Level 10.3 Shields
 + Level 1.8 Evocations


You had 6 spell levels left.
You didn't know any spells.
Your spell library was empty.

Dungeon Overview and Level Annotations

Branches:
Dungeon (1/1)

Altars:
Cheibriados
Dithmenos
Elyvilon
Fedhas
Gozag
Hepliaklqana
Kikubaaqudgha
Nemelex Xobeh
Okawaru
Qazlal
Ru
Sif Muna
Trog
Uskayaw
Vehumet
Wu Jian
Yredelemnul
Zin
The Shining One

Shops:
D (


Innate Abilities, Weirdness & Mutations

You have a pair of horns on your head.
You reflexively headbutt those who attack you in melee.


Message History

You start resting.
HP restored.
You start waiting.
You now have 356 gold pieces (gained 45).
There is a radiant altar of Vehumet here.
Things that are here:
a +0 short sword of draining; 5 curare-tipped darts
There is an open door here.
You now have 383 gold pieces (gained 27).
You now have enough gold to petition Gozag for potion effects.
You now have 410 gold pieces (gained 27).
You now have 437 gold pieces (gained 27).
You now have 464 gold pieces (gained 27).
As you open the door, it creaks loudly!
A deep troll comes into view.
The deep troll shouts!
Found 108 gold pieces.
There is an open door here.
You hit the deep troll but do no damage.
You headbutt the deep troll!
The deep troll is lightly wounded.
The deep troll closely misses you. The deep troll barely misses you.
You block the deep troll's attack.
You barely miss the deep troll. Your headbutt misses the deep troll.
The deep troll is lightly wounded.
The deep troll bites you. The deep troll claws you! x2
You barely miss the deep troll.
You headbutt the deep troll, but do no damage.
The deep troll is lightly wounded.
The deep troll bites you!! The deep troll misses you.
The deep troll claws you but does no damage.
You slash the deep troll!
The deep troll is moderately wounded.
The deep troll bites you! The deep troll claws you!
* * * LOW HITPOINT WARNING * * *
The deep troll claws you!
* * * LOW HITPOINT WARNING * * *
The deep troll bites you!
You die...
Your body crumbles into a pile of gold.

#..#####'#####'# $
#..####..#...#.# $
#..#__####..##.#
$$
#..#_____##'#_.+
#⌠⌠#_.∩...÷..._#
$$
####_..__##_.#+#
$$#_____###'# $ $
#########.####+###
$ +...@T$.$$+
#...####### $ $
##.## $ $#+#$ $ $
$ $ $ $ $ $ $ $ $
$ $$


You could see a deep troll.

Vanquished Creatures
  Sonja (D)
  Sigmund (D)
  A yak (D)
  An ogre (D)
  A jelly (D)
  Ijyb (D)
6 creatures vanquished.

Notes
Turn   | Place    | Note
-------+----------+-------------------------------------------
     0 | D        | retardedninja the Minotaur Fighter began the quest for the
                  | Orb.
     0 | D        | Reached XP level 1. HP: 19/19 MP: 0/0
     2 | D        | Noticed Ijyb
     8 | D        | Killed Ijyb
     9 | D        | Reached skill level 5 in Fighting
     9 | D        | Reached skill level 5 in Armour
     9 | D        | Reached skill level 5 in Shields
     9 | D        | Reached XP level 2. HP: 15/29 MP: 1/1
   168 | D        | Noticed an ogre
   171 | D        | Killed an ogre
   172 | D        | Reached skill level 7 in Armour
   172 | D        | Reached XP level 3. HP: 21/39 MP: 2/2
   172 | D        | Reached XP level 4. HP: 26/47 MP: 3/3
   416 | D        | Noticed Sigmund
   418 | D        | Killed Sigmund
   419 | D        | Reached skill level 5 in Axes
   419 | D        | Reached skill level 9 in Armour
   419 | D        | Reached XP level 5. HP: 54/57 MP: 4/4
   419 | D        | Reached XP level 6. HP: 60/63 MP: 5/5
   434 | D        | Found an ornate altar of the Wu Jian Council.
   434 | D        | Found a shimmering blue altar of Sif Muna.
   436 | D        | Found a radiant altar of Vehumet.
   540 | D        | Found Conehusun's Antique Weapon Emporium.
   540 | D        | Found an ancient bone altar of Kikubaaqudgha.
   540 | D        | Found a hazy altar of Hepliaklqana.
   540 | D        | Found a stormy altar of Qazlal.
   540 | D        | Found a hide-covered altar of Uskayaw.
   540 | D        | Found a blossoming altar of Fedhas.
   540 | D        | Found a bloodstained altar of Trog.
   540 | D        | Found an iron altar of Okawaru.
   540 | D        | Found a basalt altar of Yredelemnul.
   540 | D        | Found a glowing golden altar of the Shining One.
   540 | D        | Found a snail-covered altar of Cheibriados.
   540 | D        | Found a sacrificial altar of Ru.
   540 | D        | Found a glowing silver altar of Zin.
   540 | D        | Found a shadowy altar of Dithmenos.
   540 | D        | Found a white marble altar of Elyvilon.
   540 | D        | Noticed a yak
   544 | D        | Killed a yak
   545 | D        | Reached skill level 10 in Fighting
   545 | D        | Reached skill level 10 in Armour
   545 | D        | Reached skill level 1 in Evocations
   545 | D        | Found an opulent altar of Gozag.
   546 | D        | Found a sparkling altar of Nemelex Xobeh.
   680 | D        | Became a worshipper of Gozag Ym Sagoz the Greedy
   707 | D        | Noticed Sonja
   718 | D        | Killed Sonja
   719 | D        | Reached skill level 12 in Armour
   719 | D        | Reached skill level 10 in Shields
   719 | D        | Reached XP level 7. HP: 34/74 MP: 6/6
   927 | D        | Noticed a deep troll
   932 | D        | Mangled by a deep troll

Illustrated notes

Levels and vault maps discovered:
D:        dungeon_sprint_1 [red_sonja_temple_1, red_sonja_temple_small_1]

Skill      XL: |  1  2  3  4  5  6 |
---------------+-------------------+-----
Fighting       | 5 7 9 11 | 11.6
Axes           | 3 4 5 8 |  8.5
Armour         | 5 7 9 12 | 12.2
Shields        | 5 6 8 10 | 10.3
Evocations     | 1 |  1.8
Dodging        | 2 |  2.1

Action                     |  1- 3 |  4- 6 |  7- 9 || total
---------------------------+-------+-------+-------++-------
  Melee: War axe           |     6 |    15 |     4 ||    25
         Headbutt          |       |     3 |     2 ||     5
  Evoke: Wand              |     1 |     2 |       ||     3
    Use: Potion            |     1 |     1 |       ||     2
 Armour: Scale mail        |       |     9 |     1 ||    10
  Dodge: Dodged            |     2 |    11 |     3 ||    16
  Block: Buckler           |       |     4 |     1 ||     5

Table legend: (Time is in decaauts)
 A = Elapsed time spent in this place.
 B = Non-inter-level travel time spent in this place.
 C = Inter-level travel time spent in this place.
 D = Time resting spent in this place.
 E = Time spent auto-exploring this place.
 F = Levels seen in this place.
 G = Mean time per level.
                   A        B        C        D        E       F      G
               +--------+--------+--------+--------+--------+-----+--------+
         Total |    951 |    951 |      0 |    815 |      0 |   1 |  951.0 |
       Dungeon |    951 |    951 |      0 |    815 |      0 |   1 |  951.0 |
               +--------+--------+--------+--------+--------+-----+--------+

Top non-repeatable levels by time:
       D: 951 daAuts
